 Dungeon Crawl Stone Soup version 0.28-a0-938-gbc3f381ebc (webtiles) character file.

Game seed: 1076801412027676250

262 BinkBink the Skirmisher (level 5, -1/42 HPs)
             Began as a Demonspawn Monk on Nov 28, 2021.
             Was an Elder of Qazlal.
             Slain by a phantom (8 damage)
             ... on level 4 of the Dungeon.
             The game lasted 00:07:16 (3813 turns).

BinkBink the Skirmisher (Demonspawn Monk)           Turns: 3813, Time: 00:07:17

Health: -1/42      AC:  2    Str: 12    XL:     5   Next: 97%
Magic:  5/5        EV: 17    Int: 11    God:    Qazlal [****..]
Gold:   77         SH:  0    Dex: 16    Spells: 4/4 levels left

rFire   . . .      SeeInvis .     - Unarmed
rCold   . . .      Faith    .   (no shield)
rNeg    . . .      Spirit   .   b - +0 robe
rPois   .          Reflect  .   (no helmet)
rElec   .          Harm     .   (no cloak)
rCorr   .          Rampage  .   (no gloves)
Will    .....                   (no boots)
Stlth   +.........              (no amulet)
HPRegen 0.14/turn               e - ring of flight
MPRegen 0.09/turn               h - +4 ring of evasion

@: confused, flying, repel missiles
A: hooves 1, demonic magic 1, demonic touch 1
a: Renounce Religion, Upheaval, Elemental Force


You were on level 4 of the Dungeon.
You worshipped Qazlal.
Qazlal was greatly pleased with you.
You visited 1 branch of the dungeon, and saw 4 of its levels.

You collected 77 gold pieces.

Inventory:

Hand Weapons
 a - a +0 spear
Missiles
 c - 28 poisoned darts (quivered)
Armour
 b - a +0 robe (worn)
Jewellery
 e - a ring of flight (left hand)
 h - a +4 ring of evasion (right hand)
Wands
 l - a wand of mindburst (13)
Scrolls
 d - a scroll of identify {unknown}
 f - 3 scrolls of teleportation {unknown}
 g - a scroll of fear {unknown}
 i - 2 scrolls of noise {unknown}
 m - a scroll of amnesia {unknown}
Potions
 j - a potion of brilliance


   Skills:
 + Level 4.0 Fighting
 - Level 3.1 Polearms
 - Level 0.6 Throwing
 + Level 3.5 Dodging
 + Level 2.4 Stealth
 + Level 0.3 Shields
 * Level 3.1 Unarmed Combat


You had 4 spell levels left.
You didn't know any spells.
Your spell library contained the following spells:

 Spells                   Type           Power      Damage    Failure   Level
 Sandblast                Erth           0%         2d4       34%         1
 Passwall                 Tmut/Erth      0%         N/A       47%         2
 Static Discharge         Conj/Air       0%         N/A       47%         2
 Stone Arrow              Conj/Erth      0%         3d7       71%         3
 Animate Armour           Summ/Erth      0%         N/A       98%         4
 Lightning Bolt           Conj/Air       0%         1d11      100%        5
 Lehudib's Crystal Spear  Conj/Erth      0%         10d2      100%        8
 Maxwell's Capacitive Co  Air            0%         ∞         100%        8


Dungeon Overview and Level Annotations

Branches:
Dungeon (3/15)

Altars:
Qazlal


Innate Abilities, Weirdness & Mutations

You have large cloven feet.
Spells you cast may paralyse adjacent enemies.
Your touch may inflict minor irresistible damage on your foes.


Message History

The black bear claws you.
* * * LOW HITPOINT WARNING * * *
The black bear closely misses you.
The phantom is engulfed in freezing vapours.
The phantom completely misses you.
You closely miss the orc wizard. You kick the orc wizard.
The orc wizard is moderately wounded.
The black bear bites you.
* * * LOW HITPOINT WARNING * * *
The black bear completely misses you. The black bear claws you.
* * * LOW HITPOINT WARNING * * *
The phantom is engulfed in freezing vapours.
The phantom completely misses you.
An orc comes into view. It is wielding a +0 whip.
You feel less invigorated.
You feel less confused.
The orc wizard points at you and mumbles some strange words.
You are confused.
You bump into the rock wall.
The orc wizard casts a spell.
The orc wizard flickers and vanishes!
Deactivating autopickup; reactivate with Ctrl-A.
The phantom barely misses you.
You bump into the rock wall.
The phantom hits you.
* * * LOW HITPOINT WARNING * * *
You hit the phantom but do no damage.
The phantom is almost destroyed.
The phantom closely misses you.
The phantom is engulfed in freezing vapours.
The phantom misses you.
You hit the phantom. You kick the phantom.
You touch the phantom.
The phantom is heavily damaged.
The phantom hits you but does no damage.
You miss the phantom. Your kick misses the phantom.
The phantom is almost destroyed.
The phantom completely misses you. The phantom barely misses you.
Okay, then.
You are too confused!
The phantom hits you!
You die...

##### ...#
########.####
#.#....@WW{.).#
........#o.######
#.#####o#o)# ...'
###'#..#...#
#......#...##
+........(..#
#.[....##.#.#
#......##.#.#
#..........h.


You could see 2 phantoms and 2 orcs.

Vanquished Creatures
  An orc priest (D:3)
  A bullfrog skeleton (D:4)
  Ijyb (D:3)
  Terence (D:2)
  An orc wizard (D:3)
  4 adders
  A worm (D:2)
  A dart slug (D:2)
  8 orcs
  2 ball pythons
  7 endoplasms
  A giant cockroach (D:1)
  7 hobgoblins
  2 jackals (D:2)
  3 quokkas
  6 bats
  7 frilled lizards
  6 goblins
  7 kobolds
  4 rats (D:1)
71 creatures vanquished.

Vanquished Creatures (others)
  An orc wizard (D:3)
1 creature vanquished.

Grand Total: 72 creatures vanquished

Notes
Turn   | Place    | Note
-------+----------+-------------------------------------------
     0 | D:1      | BinkBink the Demonspawn Monk began the quest for the Orb.
     0 | D:1      | Reached XP level 1. HP: 18/18 MP: 1/1
   291 | D:1      | Gained mutation: Spells you cast may paralyse adjacent
                  | enemies. [demonic ancestry]
   291 | D:1      | Reached XP level 2. HP: 23/24 MP: 2/2
   640 | D:1      | Found a faded altar of an unknown god.
   653 | D:1      | Prayed at the altar of an unknown god.
   653 | D:1      | Became a worshipper of Qazlal Stormbringer
   653 | D:1      | Reached * piety under Qazlal
   653 | D:1      | Reached ** piety under Qazlal
  1035 | D:2      | Discovered your monstrous ancestry.
  1035 | D:2      | Gained mutation: Your touch may inflict minor irresistible
                  | damage on your foes. [demonic ancestry]
  1035 | D:2      | Reached XP level 3. HP: 23/29 MP: 3/3
  1307 | D:2      | Noticed Terence
  1310 | D:2      | Reached *** piety under Qazlal
  1458 | D:2      | Killed Terence
  1861 | D:2      | Reached XP level 4. HP: 30/35 MP: 4/4
  2621 | D:2      | Reached skill level 1 in Unarmed Combat
  3206 | D:3      | Gained mutation: You have large cloven feet. [demonic
                  | ancestry]
  3206 | D:3      | Reached XP level 5. HP: 39/42 MP: 5/5
  3337 | D:3      | Noticed Ijyb
  3353 | D:3      | Killed Ijyb
  3563 | D:3      | Reached skill level 4 in Fighting
  3701 | D:4      | Reached **** piety under Qazlal
  3773 | D:4      | Noticed a phantom
  3784 | D:4      | Noticed a black bear
  3804 | D:4      | Noticed a phantom
  3813 | D:4      | Slain by a phantom

Illustrated notes

Levels and vault maps discovered:
D:1:      dpeg_arrival_more_subterranean_lakeside_camping, layout_basic,
          dreamdust_ecumenical_altar_hidden_monk_grotto, minmay_tall_x
D:2:      layout_basic, serial_curves, eino_curves_04, eino_curves_04,
          uniq_terence
D:3:      layout_loops_corners, uniq_ijyb
D:4:      layout_basic, temple_statues

Skill      XL: |  1  2  3  4  5 |
---------------+----------------+-----
Polearms       | 3 |  3.1
Dodging        | 3 |  3.5
Stealth        | 2 |  2.4
Unarmed Combat | 1 3 |  3.1
Fighting       | 4 |  4.0
Throwing       | |  0.6
Shields        | |  0.3

Action                   |  1- 3 |  4- 6 || total
-------------------------+-------+-------++-------
Melee: Spear             |    57 |       ||    57
       Unarmed           |    54 |   183 ||   237
       Touch             |     7 |    24 ||    31
       Punch             |       |     2 ||     2
       Kick              |       |    32 ||    32
Throw: Dart              |    13 |       ||    13
  Use: Potion            |     2 |     3 ||     5
 Stab: Sleeping          |     2 |       ||     2
Armor: Robe              |     8 |    16 ||    24
Dodge: Dodged            |    63 |   114 ||   177
Block: Other             |     5 |    24 ||    29

Table legend: (Time is in decaauts)
 A = Elapsed time spent in this place.
 B = Non-inter-level travel time spent in this place.
 C = Inter-level travel time spent in this place.
 D = Time resting spent in this place.
 E = Time spent auto-exploring this place.
 F = Levels seen in this place.
 G = Mean time per level.
                   A        B        C        D        E       F      G
               +--------+--------+--------+--------+--------+-----+--------+
         Total |   3807 |   3770 |     37 |      0 |   3106 |   4 |  951.8 |
       Dungeon |   3807 |   3770 |     37 |      0 |   3106 |   4 |  951.8 |
               +--------+--------+--------+--------+--------+-----+--------+

Top non-repeatable levels by time:
     D:2: 1635 daAuts
     D:3: 1027 daAuts
     D:1: 1019 daAuts
     D:4: 124 daAuts
